 Dungeon Crawl Stone Soup version 0.32-a0-876-gcfddb08e57 (webtiles) character file.

Game seed: 17726610881709430070

6311 Foxy the Slicer (level 10, 0/80 HPs)
             Began as a Coglin Gladiator on Apr 1, 2024.
             Was an Initiate of Gozag.
             Splashed by a jelly's acid (6 damage)
             ... on level 8 of the Dungeon.
             The game lasted 00:15:27 (9387 turns).

Foxy the Slicer (Coglin Gladiator)                  Turns: 9387, Time: 00:15:28

Health: 0/80       AC: -7    Str: 19    XL:     10   Next: 95%
Magic:  10/10      EV: 14    Int:  7    God:    Gozag
Gold:   1034       SH:  0    Dex: 19    Spells: 9/9 levels left

rFire   . . .        a - +0 rapier {Kaede}
rCold   . . .        F - +3 dagger {Titus}
rNeg    . . .        E - +3 ring mail
rPois   .            n - +0 helmet
rElec   .            l - +0 cloak
rCorr   .            J - +2 pair of gloves {Str+3}
SInv    .            (no boots)
Will    .....        (amulet unavailable)
Stlth   +            (ring unavailable)
HPRegen 0.33/turn    (ring unavailable)
MPRegen 0.12/turn    (no gizmo)

%: no passive effects
@: corroded, revved
A: off-hand wielding, slow wielding, warmup strikes, no jewellery
a: Invent Gizmo, Renounce Religion, Potion Petition, Call Merchant, Bribe Branch


You were on level 8 of the Dungeon.
You worshipped Gozag.
Gozag was most pleased with you.
You visited 2 branches of the dungeon, and saw 9 of its levels.
You also visited: Bailey.

You collected 1125 gold pieces.
You paid 91 gold pieces to Gozag.

Inventory:

Hand Weapons
 a - a +0 rapier (weapon) {Kaede}
 f - a +0 dagger {Xochipepe}
 F - a +3 dagger (offhand) {Titus}
Missiles
 d - 3 throwing nets
 e - a javelin
 B - 12 poisoned darts (quivered)
Armour
 l - a +0 cloak (worn)
 n - a +0 helmet (worn)
 E - a +3 ring mail (worn)
 J - a +2 pair of gloves of strength (worn)
Wands
 m - a wand of polymorph (22)
 s - a wand of warping (1)
 x - a wand of mindburst (3)
 D - a wand of charming (2)
Scrolls
 b - a scroll of silence
 c - 2 scrolls of torment
 g - 4 scrolls of enchant weapon
 h - 4 scrolls of teleportation
 k - 3 scrolls of amnesia
 p - a scroll of fear {unknown}
 r - a scroll of enchant armour {unknown}
 v - 2 scrolls of fog {unknown}
 y - a scroll of noise {unknown}
 C - 2 scrolls of blinking {unknown}
 G - a scroll of revelation {unknown}
Potions
 j - a potion of haste {unknown}
 o - 3 potions of curing
 q - a potion of invisibility
 t - a potion of attraction {unknown}
 u - a potion of enlightenment {unknown}
 w - 3 potions of mutation {unknown}
 z - 2 potions of berserk rage
 A - a potion of cancellation {unknown}
 H - a potion of brilliance {unknown}
Miscellaneous
 I - a tin of tremorstones (2/2)


   Skills:
 + Level 7.9 Fighting
 * Level 10.2 Short Blades
 - Level 1.7 Throwing
 + Level 7.5 Dodging
 - Level 7.5 Evocations


You had 9 spell levels left.
You didn't know any spells.
Your spell library contained the following spells:

 Spells                   Type           Power      Damage    Failure   Level
 Kiss of Death            Conj/Necr      0%         2d5       63%         1
 Sting                    Conj/Alch      0%         1d3       63%         1
 Blink                    Tloc           0%         N/A       77%         2
 Lesser Beckoning         Tloc           0%         N/A       77%         2
 Mercury Vapours          Alch/Air       0%         N/A       77%         2
 Momentum Strike          Conj/Tloc      0%         3d8       77%         2
 Confusing Touch          Hex            0%         N/A       94%         3
 Dispel Undead            Necr           0%         3d6       100%        4
 Olgreb's Toxic Radiance  Alch           0%         N/A       100%        4


Dungeon Overview and Level Annotations

Branches:
Dungeon (8/15)             Temple (1/1) D:6            Lair (0/5) D:8
 Bailey (visited)

Altars:
Ashenzari
Cheibriados
Dithmenos
Elyvilon
Fedhas
Gozag
Hepliaklqana
Kikubaaqudgha
Makhleb
Nemelex Xobeh
Okawaru
Qazlal
Ru
Sif Muna
Trog
Uskayaw
Vehumet
Zin
The Shining One

Shops:
D:4 :   D:8 =

Annotations:
D:3 2 transporters


Innate Abilities, Weirdness & Mutations

You can wield a second weapon in your off-hand.
It takes a long time for you to wield or remove held weapons.
Your first few attacks do less damage.
You cannot equip rings or amulets.


Message History

You are too injured to fight recklessly!
You are too injured to fight recklessly!
You are too injured to fight recklessly!
You are too injured to fight recklessly!
You are too injured to fight recklessly!
You are too injured to fight recklessly!
You are too injured to fight recklessly!
You are too injured to fight recklessly!
You are too injured to fight recklessly!
You are too injured to fight recklessly!
You are too injured to fight recklessly!
You are too injured to fight recklessly!
You are too injured to fight recklessly!
You are too injured to fight recklessly!
You are too injured to fight recklessly!
You are too injured to fight recklessly!
Unknown command.
You hit the jelly but do no damage.
Your graspers burn!
The jelly is severely wounded.
You hit the jelly but do no damage.
Your graspers burn!
You hit the jelly but do no damage.
Your graspers burn!
The jelly is severely wounded.
You hit the jelly with your +3 dagger.
Your graspers burn!
* * * LOW HITPOINT WARNING * * *
The jelly closely misses you.
You hit the jelly but do no damage.
Your graspers burn!
* * * LOW HITPOINT WARNING * * *
The jelly is almost dead.
You hit the jelly but do no damage.
Your graspers burn!
* * * LOW HITPOINT WARNING * * *
You hit the jelly but do no damage.
Your graspers burn!
* * * LOW HITPOINT WARNING * * *
The jelly is almost dead.
You hit the jelly but do no damage.
Your graspers burn!
* * * LOW HITPOINT WARNING * * *
The jelly hits you.
* * * LOW HITPOINT WARNING * * *
The acid corrodes you!
You are splashed with acid.
You die...
Your body crumbles into a pile of gold.

....P...♣.[........#######.##
#.......##..[.#...)........
#.......##...##............
#####.......###..##ß...<..##..
###............$................#
#...####.#..#####.#....∩........#
..### #.#..### #..%.........#..#
.## #....<.###.#..>...ß#### .#
.###########$...@J......### #
..[........##.#..#......#
.####ß###ß##....###..#######
.ß∩........'...## ##.....<..
.##ß###ß######..###..#######
...........# ##..#...#
############ ##.....# #######.##
...^.)...######


You could see a jelly.

Vanquished Creatures
  2 orc knights (Bailey)
  6 yaks
  Eustachio (D:4)
  2 wyverns
  4 water moccasins
  7 orc warriors
  A sky beast (D:6)
  2 black bears
  5 ice beasts
  An ogre (D:4)
  A phantom (D:6)
  A kobold brigand (D:6)
  A scorpion (D:5)
  7 wights
  A howler monkey (D:5)
  4 bombardier beetles
  5 hounds
  2 jellies
  6 orc priests
  Jessica (D:2)
  A gnoll bouda (D:6)
  5 iguanas
  Terence (D:2)
  2 sleepcaps
  6 orc wizards
  Robin (D:2)
  5 gnolls (D:6)
  10 adders
  A shadow imp (D:6)
  2 white imps
  A ribbon worm (D:3)
  A dart slug (D:1)
  37 orcs
  9 ball pythons
  5 endoplasms
  5 giant cockroaches
  4 hobgoblins (D:2)
  4 jackals (D:2)
  2 quokkas
  5 bats
  5 frilled lizards
  10 goblins
  8 kobolds
  5 rats
195 creatures vanquished.

Vanquished Creatures (collateral kills)
  An orc knight (Bailey)
1 creature vanquished.

Grand Total: 196 creatures vanquished

Notes
Turn   | Place    | Note
-------+----------+-------------------------------------------
     0 | D:1      | Foxy the Coglin Gladiator began the quest for the Orb.
     0 | D:1      | Reached XP level 1. HP: 16/16 MP: 1/1
   177 | D:1      | Reached XP level 2. HP: 22/22 MP: 2/2
   196 | D:1      | Reached skill level 3 in Short Blades
   611 | D:1      | Reached XP level 3. HP: 28/28 MP: 3/3
  1004 | D:2      | Noticed Terence
  1016 | D:2      | Killed Terence
  1164 | D:2      | Noticed Robin
  1182 | D:2      | Reached XP level 4. HP: 34/34 MP: 4/4
  1313 | D:2      | Killed Robin
  1551 | D:2      | Noticed Jessica
  1558 | D:2      | Killed Jessica
  1559 | D:2      | Reached skill level 4 in Short Blades
  1559 | D:2      | Reached XP level 5. HP: 36/40 MP: 5/5
  2003 | D:3      | Found a transporter.
  2057 | D:3      | Found a transporter.
  2237 | D:4      | Reached XP level 6. HP: 17/47 MP: 6/6
  2590 | D:4      | Found Dyxugusm's Book Emporium.
  2825 | D:4      | Reached skill level 1 in Evocations
  3094 | D:4      | Reached skill level 5 in Short Blades
  3115 | D:4      | Reached XP level 7. HP: 17/53 MP: 7/7
  3469 | D:5      | Entered Level 5 of the Dungeon
  3471 | D:5      | Noticed Eustachio
  3560 | D:4      | Killed Eustachio
  3731 | D:5      | Reached skill level 6 in Short Blades
  3731 | D:5      | Reached XP level 8. HP: 58/61 MP: 8/8
  4495 | D:6      | Reached skill level 5 in Dodging
  4496 | D:6      | Found a bloodstained altar of Trog.
  4585 | D:6      | Found a staircase to the Ecumenical Temple.
  4712 | Temple   | Entered the Ecumenical Temple
  4719 | Temple   | Became a worshipper of Gozag Ym Sagoz the Greedy
  4760 | D:6      | Reached skill level 5 in Fighting
  5162 | D:5      | HP: 3/62 [howler monkey (5)]
  5551 | D:6      | Reached skill level 7 in Short Blades
  5551 | D:6      | Reached skill level 5 in Evocations
  5719 | D:6      | Reached XP level 9. HP: 57/68 MP: 9/9
  6849 | D:7      | Reached skill level 8 in Short Blades
  7353 | D:8      | Found Hiotiza's Jewellery Shop.
  7551 | D:8      | Found a flagged portal.
  7599 | Bailey   | Entered a bailey
  7661 | Bailey   | Reached XP level 10. HP: 32/77 MP: 10/10
  8176 | Bailey   | Noticed an orc knight
  8201 | Bailey   | Noticed an orc knight
  8214 | Bailey   | Killed an orc knight
  8215 | Bailey   | Reached skill level 9 in Short Blades
  8309 | Bailey   | Noticed an orc knight
  8335 | Bailey   | Killed an orc knight
  8623 | Bailey   | Killed an orc knight
  8801 | D:8      | Found a staircase to the Lair.
  9107 | D:8      | Reached skill level 10 in Short Blades
  9387 | D:8      | Splashed by a jelly's acid

Illustrated notes

Levels and vault maps discovered:
D:1:      reono_arrival_forest_river, layout_loops_corners, st_stairs_13
D:2:      layout_loops_ring, uniq_robin, uniq_jessica, uniq_terence
D:3:      gammafunk_steamed_eel, layout_rooms
D:4:      layout_basic, serial_shops, shop_fountains, item_on_display_a
D:5:      layout_basic, uniq_eustachio
D:6:      layout_gridville, mainiacjoe_overflow_paths,
          minmay_temple_entry_glassed_door, corexii_hall_statues_l
D:7:      layout_rooms, amcnicky_mini_rare_corridor_liquid
D:8:      layout_loops_ring, minmay_lair_entry_grove, enter_bailey_8,
          nicolae_stop_n_shop_1
Temple:   compressed_dpeg_circular_temple

Skill      XL: |  1  2  3  4  5  6  7  8  9 10 |
---------------+-------------------------------+-----
Short Blades   | 3 4 5 6 7 8 10 | 10.2
Dodging        | 3 4 5 6 7 |  7.5
Fighting       | 3 4 5 6 7 |  7.9
Evocations     | 2 3 5 7 |  7.5
Throwing       | |  1.7

Action                     |  1- 3 |  4- 6 |  7- 9 | 10-12 || total
---------------------------+-------+-------+-------+-------++-------
  Melee: Rapier            |    53 |   164 |   502 |   215 ||   934
         Dagger            |    41 |   153 |   490 |   210 ||   894
         Unarmed           |       |    14 |       |       ||    14
  Throw: Dart              |       |       |       |    14 ||    14
  Evoke: Wand              |       |     2 |     6 |    15 ||    23
    Use: Scroll            |       |       |     9 |       ||     9
         Potion            |       |       |       |     1 ||     1
   Stab: Sleeping          |     2 |     1 |       |       ||     3
         Distracted        |       |       |     1 |       ||     1
 Armour: Leather armour    |    29 |    87 |   172 |       ||   288
         Skin              |       |     9 |       |       ||     9
         Ring mail         |       |       |   107 |   105 ||   212
  Dodge: Dodged            |    26 |    96 |   325 |   126 ||   573

Table legend: (Time is in decaauts)
 A = Elapsed time spent in this place.
 B = Non-inter-level travel time spent in this place.
 C = Inter-level travel time spent in this place.
 D = Time resting spent in this place.
 E = Time spent auto-exploring this place.
 F = Levels seen in this place.
 G = Mean time per level.
                   A        B        C        D        E       F      G
               +--------+--------+--------+--------+--------+-----+--------+
         Total |   9190 |   8874 |    316 |   1720 |   4973 |  10 |  919.0 |
       Dungeon |   8031 |   7720 |    311 |   1282 |   4745 |   8 | 1003.9 |
        Temple |     14 |      9 |      5 |      0 |      0 |   1 |   14.0 |
        Bailey |   1144 |   1144 |      0 |    438 |    228 |   1 | 1144.0 |
               +--------+--------+--------+--------+--------+-----+--------+

Top non-repeatable levels by time:
     D:6: 1767 daAuts
     D:4: 1273 daAuts
     D:7: 1217 daAuts
  Bailey: 1144 daAuts
     D:5: 1058 daAuts
     D:1: 911 daAuts
     D:2: 824 daAuts
     D:3: 581 daAuts
     D:8: 397 daAuts
  Temple: 14 daAuts
